 Dungeon Crawl Stone Soup version 0.19-a0-1568-gdd01aac (webtiles) character file.

33 Vasilisck the Skirmisher (level 3, 29/29 HPs)
             Began as a Demonspawn Fighter on Sept 15, 2016.
             Got out of the dungeon alive.
             The game lasted 00:02:58 (1199 turns).

Vasilisck the Skirmisher (Demonspawn Fighter)       Turns: 1199, Time: 00:02:59

Health: 29/29      AC:  6    Str: 17    XL:     3   Next: 12%
Magic:  3/3        EV:  7    Int:  9    God:
Gold:   23         SH:  9    Dex: 12    Spells: 0 memorised, 2 levels left

rFire  . . .     SeeInvis .     a - +0 war axe
rCold  . . .     Gourm    .     b - +0 scale mail
rNeg   . . .     Faith    .     c - +0 shield
rPois  .         Spirit   .     (no helmet)
rElec  .         Dismiss  .     (no cloak)
rCorr  .         Reflect  .     (no gloves)
MR     .....     Harm     .     (no boots)
Stlth  +.........               (no amulet)
                                (no ring)
                                (no ring)

@: no status effects
A: nightstalker 1, rot immunity
a: no special abilities


You escaped.
You were very hungry.

You visited 1 branch of the dungeon, and saw 2 of its levels.

You collected 23 gold pieces.

Inventory:

Hand Weapons
 a - a +0 war axe (weapon)
Armour
 b - a +0 scale mail (worn)
 c - a +0 shield (worn)
Wands
 p - a wand of lightning (7/15)
Scrolls
 e - a scroll of immolation {unknown}
 i - a scroll of enchant weapon {unknown}
 j - 2 scrolls of remove curse {unknown}
 k - a scroll of identify {unknown}
 l - 2 scrolls of fear {unknown}
 m - a scroll of amnesia {unknown}
Potions
 d - a potion of might
 h - 2 potions of mutation {unknown}
 n - 2 potions of brilliance {unknown}
 o - 2 potions of heal wounds {unknown}
 q - a potion of magic {unknown}
Comestibles
 f - a bread ration
 g - a royal jelly


   Skills:
 + Level 3.3 Fighting
 + Level 2.1 Axes
 + Level 3.1 Armour
 + Level 3.0 Shields


You had 2 spell levels left.
You didn't know any spells.

Dungeon Overview and Level Annotations

Branches:
Dungeon (2/15)

Altars:


Innate Abilities, Weirdness & Mutations

You are slightly more attuned to the shadows.
You are immune to rotting.


Message History

You slash the hobgoblin!
You kill the hobgoblin!
No target in view!
No target in view!
(D) Dungeon
Where to? (Enter - D:2, ? - help)
What level of the Dungeon? (default 1, ? - help)
Found a scroll labeled MIEREO SIKEPS.
There is a stone staircase leading up here.
You climb upwards.
There is a stone staircase leading down here.
There is an open door here.
Press: ? - help, . - travel You can't see that place. [a staircase leading out of the dungeon.]
You are feeling very hungry.
There is a staircase leading out of the dungeon here.
You can't go down here!
Are you sure you want to leave the Dungeon?
This will make you lose the game!
You have escaped!

##.##...###.## #..#.#####
#.##.#######.###....#
##.#.###...###.###.###
#.##.##.###.##.# #.#
#.#.##.##.##.#.###.# #
#)#.#.##.#.#.##.##.# #
#.#.#.####.##.#.##.### # ###
#.#.##.####.#.#.##...##### #
##.###.##.####@#.#.#.#.........
###.#.##.##.####.#.#.#.#....#####
.....#.##.##.##.##.#.#.#....# #
###...###.###..##.##(#.#...## #
##.## ##.######.#.##.##.## # #.#
##..###.##.#.###.# #
#.########...##.##.###.# #
#.##.....######.#....#'## #
#.##.....# ##.##.......## #


There were no monsters in sight!

Vanquished Creatures
  A dart slug (D:2)
  A leopard gecko (D:1)
  A ball python (D:2)
  2 giant cockroaches
  4 goblins (D:1)
  6 hobgoblins
  6 bats
  3 kobolds
  4 rats
28 creatures vanquished.

Notes
Turn   | Place    | Note
-------+----------+-------------------------------------------
     0 | D:1      | Vasilisck the Demonspawn Fighter began the quest for the Orb.
     0 | D:1      | Reached XP level 1. HP: 18/18 MP: 1/1
   398 | D:1      | Gained mutation: You are immune to rotting. [demonic ancestry]
   398 | D:1      | Reached XP level 2. HP: 24/24 MP: 2/2
  1070 | D:2      | Gained mutation: You are slightly more attuned to the shadows. [demonic ancestry]
  1070 | D:2      | Reached XP level 3. HP: 27/29 MP: 3/3
  1199 | D:$      | Got out of the dungeon alive.

Vault maps used:
D:1:      dpeg_arrival_solitude, minivault_19
D:2:      lemuel_coloured_pillars_altar

Skill      XL: |  1  2 |
---------------+-------+-----
Axes           | 2 |  2.1
Shields        | 3 |  3.0
Armour         | 3 |  3.1
Fighting       | |  3.3

Action                   || total
-------------------------++-------
Melee: War axe           ||    77
Armor: Scale mail        ||    37
Dodge: Dodged            ||    27
Block: Shield            ||    42
